 Dungeon Crawl Stone Soup version 0.30-a0-1014-g3371b13838 (webtiles) character file.

Game seed: 876245555070795804

4529 Malachi the Protected (level 10, -8/92 HPs)
             Began as an Armataur Fighter on Apr 6, 2023.
             Was a Plaything of Xom.
             Killed by divine providence
             ... invoked by an orc priest
             ... summoned by Xom
              (13 damage)
             ... on level 8 of the Dungeon.
             The game lasted 00:12:37 (7813 turns).

Malachi the Protected (Armataur Fighter)            Turns: 7813, Time: 00:12:38

Health: -8/92      AC: 15    Str: 29    XL:     10   Next: 17%
Magic:  10/10      EV:  7    Int:  7    God:    Xom [.....*]
Gold:   473        SH: 10    Dex:  8    Spells: 9/9 levels left

rFire   x . .      SeeInvis .    y - +4 morningstar (freeze)
rCold   . . .      Faith    .    c - +0 buckler
rNeg    . . .      Spirit   .    j - +1 chain mail
rPois   .          Reflect  +    h - +2 hat
rElec   +          Roll     +    t - +1 cloak {Stlth+}
rCorr   .                        (no gloves)
Will    .....                    (no barding) Stlth
                                 A - amulet "Diudutax" {Reflect rElec SH+5}
HPRegen 0.00/turn                (no ring)
MPRegen 0.12/turn                (no ring)

@: inhibited regen, studying Spellcasting, unable to read
A: large, rugged brown scales 3, deformed body, armoured tail, roll, long
tongue, awkward tongue, stinger 1, dopey 1, inhibited regeneration, strong 1,
heat vulnerability 1, inability to read after injury 1
a: Renounce Religion


You were on level 8 of the Dungeon.
You worshipped Xom.
You were Xom's teddy bear.
You visited 1 branch of the dungeon, and saw 8 of its levels.

You collected 473 gold pieces.

Inventory:

Hand Weapons
 s - a +5 quarterstaff of chaos
 y - a +4 morningstar of freezing (weapon)
Armour
 c - a +0 buckler (worn)
 h - a +2 hat (worn)
 j - a +1 chain mail (worn)
 t - a +1 cloak of stealth (worn)
Jewellery
 k - a ring of fire
 A - the amulet "Diudutax" (around neck) {Reflect rElec SH+5}
   (You acquired it on level 7 of the Dungeon)

   [amulet of reflection]

   It reflects blocked missile attacks.
   rElec:     It insulates you from electricity.
   SH:        It affects your SH (+5).
Wands
 o - a wand of paralysis (9)
 w - a wand of flame (20)
Scrolls
 g - 3 scrolls of enchant armour
 l - 3 scrolls of blinking
 m - a scroll of fog
 n - a scroll of amnesia
 p - 4 scrolls of immolation
 x - 2 scrolls of teleportation
Potions
 a - a potion of curing
 b - 2 potions of lignification
 d - 6 potions of might
 e - 3 potions of ambrosia
 f - a potion of attraction
 i - a potion of berserk rage {unknown}
 r - a potion of heal wounds {unknown}
 u - a potion of flight {unknown}
 v - a potion of brilliance {unknown}
 z - a potion of invisibility {unknown}


   Skills:
 + Level 7.3 Fighting
 + Level 7.0 Maces & Flails
 + Level 9.6 Armour
 + Level 9.0 Shields


You had 9 spell levels left.
You didn't know any spells.
Your spell library contained the following spells:

 Spells                   Type           Power      Damage    Failure   Level
 Foxfire                  Conj/Fire      0%         2x1d4     88%         1
 Fireball                 Conj/Fire      0%         3d3       100%        5
 Plasma Beam              Fire/Air       0%         2x1d11    100%        6
 Starburst                Conj/Fire      0%         6d3       100%        6


Dungeon Overview and Level Annotations

Branches:
Dungeon (8/15)             Temple (0/1) D:6
   Lair: D:8-11

Altars:
Dithmenos
Kikubaaqudgha
Makhleb
Okawaru
Wu Jian
Xom
Zin

Shops:
D:8 :


Innate Abilities, Weirdness & Mutations

You are completely covered in rugged brown scales. (AC +3, +7% HP)
Armour fits poorly on your strangely shaped body.
You have a long armoured tail.
You roll when moving toward enemies. (Rampage)
Your long tongue fully drains potion bottles. (2x potion effects)
Your tongue gives you trouble enunciating. (1.5x scroll delay)
Your tail ends in a venomous barb.
You are dopey. (Int -2)
You do not regenerate when monsters are visible.
Your muscles are strong. (Str +4, Int/Dex -1)
You are vulnerable to heat. (rF-)
You occasionally lose the ability to read scrolls when taking damage.


Message History

The orc warrior is severely wounded.
The orc warrior barely misses you.
You closely miss the orc warrior.
The orc warrior is severely wounded.
You block the orc warrior's attack.
You barely miss the orc warrior.
The orc warrior is severely wounded.
The orc warrior hits you with a +0 broad axe of electrocution!
* * * LOW HITPOINT WARNING * * *
The orc priest casts a cantrip, but nothing happens.
The orc closely misses you.
The orc warrior attacks as you move away!
You block the orc warrior's attack.
The orc priest calls upon Xom to heal the orc warrior.
The orc warrior attacks as you move away!
The orc warrior hits you with a +0 broad axe of electrocution.
* * * LOW HITPOINT WARNING * * *
The orc attacks as you move away! The orc hits you but does no damage.
You feel better.
You slurp down every last drop of the potion of curing!
The orc warrior hits you but does no damage.
The orc warrior attacks as you move away!
The orc warrior closely misses you.
The orc priest calls down the wrath of Xom upon you.
Xom smites you!
* * * LOW HITPOINT WARNING * * *
The orc warrior looks more healthy.
The orc priest casts a cantrip, but nothing happens.
The orc priest calls down the wrath of Xom upon you.
Xom smites you!
You feel threatened and lose the ability to read scrolls!
* * * LOW HITPOINT WARNING * * *
You puncture the orc warrior! You freeze the orc warrior.
You kill the orc warrior!
The orc warrior's corpse disappears in a puff of smoke!
The yak degenerates into a cloud of primal chaos!
You completely miss the orc priest. You block the orc priest's attack.
The orc priest invokes the aid of Xom against you.
Xom smites you!
You die...

..<......)...###
##...)>....#
#.#.o)..### .
#ooF..# ##.#.##
#####o#.#####
#.o§oo.......
#.###.#######
#@# #.# #o###.#
#...o.# ####..#
#...# #..## #..#
#..# .# #..#


You could see an orc priest (summoned) and an orc (summoned, fast).

Vanquished Creatures
  Pikel (D:6)
  Grinder (D:4)
  Eustachio (D:4)
  Sigmund (D:6)
  A steam dragon (D:5)
  Edmund (D:6)
  5 ice beasts
  An orc warrior (D:8)
  4 black bears
  2 ogres (D:5)
  A centaur (D:8)
  A lemure (D:6)
  Blork the orc (D:6)
  A kobold brigand (D:8)
  A bullfrog (D:7)
  A gnoll sergeant (D:6)
  6 scorpions
  7 wights
  3 killer bees
  2 howler monkeys
  A hound (D:5)
  3 jellies
  6 orc priests
  Crazy Yiuf (D:4)
  A gnoll bouda (D:6)
  12 orc wizards
  A sleepcap (D:5)
  Robin (D:4)
  6 adders
  7 gnolls (D:6)
  3 white imps
  An ufetubus (D:4)
  A worm (D:2)
  A dart slug (D:4)
  43 orcs
  11 ball pythons
  8 endoplasms
  2 giant cockroaches (D:2)
  16 goblins
  7 hobgoblins
  8 jackals
  12 kobolds
  2 quokkas
  4 bats
  4 frilled lizards
  5 rats
209 creatures vanquished.

Notes
Turn   | Place    | Note
-------+----------+-------------------------------------------
     0 | D:1      | Malachi the Armataur Fighter began the quest for the Orb.
     0 | D:1      | Reached XP level 1. HP: 19/19 MP: 1/1
    97 | D:1      | Reached XP level 2. HP: 23/26 MP: 2/2
   316 | D:1      | Found a faded altar of an unknown god.
   351 | D:1      | Prayed at the altar of an unknown god.
   351 | D:1      | Became a worshipper of Xom of Chaos
   413 | D:1      | XOM: divination: detect creatures
   603 | D:2      | Reached XP level 3. HP: 33/33 MP: 3/3
   874 | D:2      | XOM: noise
   915 | D:2      | XOM: silly message
  1045 | D:3      | Found an iron altar of Okawaru.
  1117 | D:2      | Reached XP level 4. HP: 14/40 MP: 4/4
  1187 | D:2      | XOM: noise
  1448 | D:3      | Found a burning altar of Makhleb.
  1533 | D:3      | XOM: scenery: create altars
  1534 | D:3      | Found an ancient bone altar of Kikubaaqudgha.
  1657 | D:3      | XOM: divination: magic mapping
  1674 | D:3      | Gained mutation: Your spells are a little harder to cast,
                  | but a little more powerful. [potion of mutation]
  1674 | D:3      | Gained mutation: You possess an exceptional clarity of
                  | mind. [potion of mutation]
  1674 | D:3      | Gained mutation: You do not regenerate when monsters are
                  | visible. [potion of mutation]
  1674 | D:3      | Gained mutation: Potions are less effective at restoring
                  | your health. [potion of mutation]
  1674 | D:3      | Gained mutation: Your tail ends in a venomous barb. [potion
                  | of mutation]
  1675 | D:3      | Lost mutation: You do not regenerate when monsters are
                  | visible. [potion of mutation]
  1675 | D:3      | Lost mutation: Your tail ends in a venomous barb. [potion
                  | of mutation]
  1675 | D:3      | Lost mutation: You possess an exceptional clarity of mind.
                  | [potion of mutation]
  1675 | D:3      | Lost mutation: Potions are less effective at restoring your
                  | health. [potion of mutation]
  1675 | D:3      | Gained mutation: You have an increased reservoir of magic.
                  | (+10% MP) [potion of mutation]
  1675 | D:3      | Gained mutation: You occasionally lose the ability to drink
                  | potions when taking damage. [potion of mutation]
  1675 | D:3      | Gained mutation: You are dopey. (Int -2) [potion of
                  | mutation]
  1675 | D:3      | Gained mutation: You sometimes lose your temper in combat.
                  | [potion of mutation]
  1675 | D:3      | Gained mutation: Your body sometimes deteriorates upon
                  | taking damage. [potion of mutation]
  1675 | D:3      | Gained mutation: Your tail ends in a venomous barb. [potion
                  | of mutation]
  1676 | D:3      | Lost mutation: Your body sometimes deteriorates upon taking
                  | damage. [potion of mutation]
  1676 | D:3      | Lost mutation: Your spells are a little harder to cast, but
                  | a little more powerful. [potion of mutation]
  1676 | D:3      | Lost mutation: You are dopey. (Int -2) [potion of mutation]
  1676 | D:3      | Lost mutation: You sometimes lose your temper in combat.
                  | [potion of mutation]
  1676 | D:3      | Lost mutation: Your tail ends in a venomous barb. [potion
                  | of mutation]
  1676 | D:3      | Lost mutation: You have an increased reservoir of magic.
                  | (+10% MP) [potion of mutation]
  1676 | D:3      | Gained mutation: You have large cloven feet. [potion of
                  | mutation]
  1676 | D:3      | Lost mutation: You have large cloven feet. [potion of
                  | mutation]
  1676 | D:3      | Gained mutation: You are robust. (+10% HP) [potion of
                  | mutation]
  1676 | D:3      | Gained mutation: You occasionally lose the ability to read
                  | scrolls when taking damage. [potion of mutation]
  1676 | D:3      | Gained mutation: You are vulnerable to heat. (rF-) [potion
                  | of mutation]
  1676 | D:3      | Gained mutation: Your muscles are strong. (Str +4, Int/Dex
                  | -1) [potion of mutation]
  1793 | D:4      | Found a glowing silver altar of Zin.
  1836 | D:4      | Noticed Robin
  1849 | D:4      | Reached XP level 5. HP: 49/52 MP: 5/5
  1860 | D:4      | Killed Robin
  1934 | D:4      | Noticed Grinder
  1935 | D:4      | XOM: potion effect (haste)
  1942 | D:4      | Killed Grinder
  1943 | D:4      | Reached skill level 5 in Armour
  1943 | D:4      | Reached XP level 6. HP: 60/60 MP: 6/6
  1950 | D:4      | Reached skill level 5 in Shields
  2294 | D:4      | Noticed Eustachio
  2306 | D:4      | XOM: enchant monster (good)
  2308 | D:4      | XOM: noise
  2341 | D:4      | XOM: chaos cloud
  2360 | D:4      | Killed Eustachio
  2361 | D:4      | Reached XP level 7. HP: 47/70 MP: 7/7
  2507 | D:4      | Found a runed translucent door.
  2508 | D:4      | Noticed Crazy Yiuf
  2658 | D:4      | Killed Crazy Yiuf
  2808 | D:5      | Entered Level 5 of the Dungeon
  2833 | D:5      | an orc wizard changed into a steam dragon
  2833 | D:5      | Noticed a steam dragon
  2833 | D:5      | XOM: polymorph orc wizard -> steam dragon
  2837 | D:5      | Killed a steam dragon
  3060 | D:5      | Reached skill level 5 in Fighting
  3060 | D:5      | Reached XP level 8. HP: 79/79 MP: 8/8
  3090 | D:5      | XOM: chaos upgrade
  3091 | D:5      | HP: 1/79 [ogre/+2 giant club of chaos (18)]
  3413 | D:5      | Identified the +1 robe of the Midnight Sun {rElec Will+
                  | rCorr Dex-4}
  3432 | D:5      | Reached skill level 5 in Maces & Flails
  3627 | D:5      | XOM: torment (41/80 hp)
  4096 | D:5      | XOM: give mutation
  4096 | D:5      | Gained mutation: Your tail ends in a venomous barb. [Xom's
                  | mischief]
  4145 | D:6      | Noticed Blork the orc
  4163 | D:6      | Killed Blork the orc
  4165 | D:6      | XOM: confusion
  4201 | D:6      | XOM: give mutation
  4201 | D:6      | Lost mutation: You are robust. (+10% HP) [Xom's mischief]
  4266 | D:6      | XOM: stat loss: -1 Str (26/27)
  4278 | D:6      | XOM: confusion
  4295 | D:6      | Reached XP level 9. HP: 19/79 MP: 9/9
  4584 | D:6      | XOM: scenery: 1 doors close
  4606 | D:6      | XOM: confusion (+ monsters)
  4751 | D:6      | Found a staircase to the Ecumenical Temple.
  4802 | D:6      | Found an ornate altar of the Wu Jian Council.
  4829 | D:6      | Noticed Pikel
  4832 | D:6      | XOM: 6-stop teleportation journey
  4896 | D:6      | XOM: 8-stop teleportation journey
  4910 | D:6      | Killed Pikel
  4938 | D:6      | XOM: give mutation
  4938 | D:6      | Gained mutation: You do not regenerate when monsters are
                  | visible. [Xom's mischief]
  5217 | D:6      | Noticed Edmund
  5219 | D:6      | XOM: scenery: summon butterflies
  5223 | D:6      | XOM: swap monsters
  5227 | D:6      | Killed Edmund
  5247 | D:6      | Noticed Sigmund
  5247 | D:6      | XOM: swap monsters
  5250 | D:6      | Killed Sigmund
  5732 | D:7      | XOM: enchant monster (bad)
  6387 | D:7      | XOM: 5-stop teleportation journey
  6620 | D:7      | XOM: silly message
  6646 | D:7      | Found a shadowy altar of Dithmenos.
  6690 | D:7      | XOM: give mutations
  6690 | D:7      | Lost mutation: You occasionally lose the ability to drink
                  | potions when taking damage. [Xom's mischief]
  6690 | D:7      | Gained mutation: You are dopey. (Int -2) [Xom's mischief]
  6818 | D:7      | XOM: noise
  6840 | D:7      | XOM: enchant monster (bad)
  7018 | D:7      | XOM: summons 2 hostile demons
  7085 | D:7      | Reached XP level 10. HP: 92/92 MP: 10/10
  7317 | D:7      | Identified a scroll of acquirement
  7318 | D:7      | Acquired the amulet "Diudutax" {Reflect rElec SH+5}
  7344 | D:7      | XOM: smoke on damage
  7450 | D:8      | XOM: cleaving
  7457 | D:8      | XOM: noise
  7708 | D:8      | Found Roeshros's Book Boutique.
  7784 | D:8      | XOM: summons 4 hostile shadow creatures
  7805 | D:8      | HP: 4/92 [orc priest/divine providence[Xom] (12)]
  7813 | D:8      | Killed from afar by an orc priest

Illustrated notes

Levels and vault maps discovered:
D:1:      saegor_arrival_simple_a, layout_rooms,
          hellmonk_ecumenical_altar_pennies_from_heaven, minmay_splitting_lines,
          minmay_shallow_snake_nest
D:2:      layout_rooms, due_unseen_surprise
D:3:      layout_rooms, grunt_temple_overflow_open
D:4:      layout_basic, mainiacjoe_overflow_surrounded_room,
          uniq_crazy_yiuf_cottage, uniq_robin, uniq_eustachio, uniq_grinder
D:5:      layout_cave_pools, minmay_manual_moon
D:6:      layout_basic, pdpol_wu_jian_five_deadly_venoms,
          minmay_temple_entry_mini_moons, sigmund_edmund_badplayer, uniq_pikel,
          uniq_blork_the_orc
D:7:      layout_basic, kennysheep_mini
D:8:      layout_loops_ring, overflow_temple_1_default, serial_shops,
          nicolae_stop_n_shop_1

Skill      XL: |  1  2  3  4  5  6  7  8  9 10 |
---------------+-------------------------------+-----
Maces & Flails | 2 3 4 5 6 7 |  7.0
Fighting       | 3 4 5 6 7 |  7.3
Armour         | 4 5 6 7 9 |  9.6
Shields        | 4 5 6 7 8 9 |  9.0

Action                     |  1- 3 |  4- 6 |  7- 9 | 10-12 || total
---------------------------+-------+-------+-------+-------++-------
  Melee: Flail             |   136 |   159 |     8 |       ||   303
         Tailslap          |     8 |    16 |    26 |     5 ||    55
         Quarterstaff      |       |       |   257 |     1 ||   258
         Morningstar       |       |       |       |    80 ||    80
  Evoke: Wand              |       |     1 |     3 |       ||     4
    Use: Potion            |     3 |     3 |       |     1 ||     7
         Scroll            |     1 |     3 |    10 |     4 ||    18
   Stab: Paralysed         |       |     6 |     6 |       ||    12
         Sleeping          |       |       |     2 |       ||     2
 Armour: Scale mail        |    29 |       |       |       ||    29
         Chain mail        |   117 |   106 |   214 |    57 ||   494
  Dodge: Dodged            |    62 |    50 |   105 |    41 ||   258
  Block: Buckler           |    34 |    38 |     4 |    64 ||   140
         Reflection        |       |       |       |     4 ||     4

Table legend: (Time is in decaauts)
 A = Elapsed time spent in this place.
 B = Non-inter-level travel time spent in this place.
 C = Inter-level travel time spent in this place.
 D = Time resting spent in this place.
 E = Time spent auto-exploring this place.
 F = Levels seen in this place.
 G = Mean time per level.
                   A        B        C        D        E       F      G
               +--------+--------+--------+--------+--------+-----+--------+
         Total |   7949 |   7734 |    215 |   1442 |   4725 |   8 |  993.6 |
       Dungeon |   7949 |   7734 |    215 |   1442 |   4725 |   8 |  993.6 |
               +--------+--------+--------+--------+--------+-----+--------+

Top non-repeatable levels by time:
     D:7: 1733 daAuts
     D:6: 1593 daAuts
     D:5: 1305 daAuts
     D:4: 1178 daAuts
     D:2: 793 daAuts
     D:1: 573 daAuts
     D:3: 391 daAuts
     D:8: 379 daAuts
